 Dungeon Crawl Stone Soup version 0.28.0-53-g5a82cb258f (webtiles) character file.

Game seed: 4361644250261547758

37546 cbfl8 the Cleaver (level 13, -7/122 HPs)
             Began as a Minotaur Berserker on Aug 5, 2022.
             Was a High Priest of Trog.
             Shot with an arrow by Nessos (9 damage)
             ... on level 13 of the Dungeon on Aug 7, 2022.
             The game lasted 00:55:26 (22964 turns).

cbfl8 the Cleaver (Minotaur Berserker)             Turns: 22964, Time: 00:55:26

Health: -7/122     AC: 25    Str: 22    XL:     13   Next: 59%
Magic:  12/12      EV: 13    Int: 12    God:    Trog [*****.]
Gold:   795        SH:  0    Dex: 15    Spells: 12/12 levels left

rFire   . . .      SeeInvis +   w - +4 executioner's axe "Moaxue" {speed, Will+ Int+2 Stlth+}
rCold   . . .      Faith    .   (shield currently unavailable)
rNeg    . . .      Spirit   .   y - +10 chain mail "Saro" {SInv}
rPois   .          Reflect  .   c - +1 hat
rElec   .          Harm     .   j - +0 cloak
rCorr   .          Rampage  .   (no gloves)
Will    +....                   s - +0 pair of boots
Stlth   ..........              (no amulet)
HPRegen 0.30/turn               e - +6 ring of intelligence
MPRegen 0.13/turn               H - ring of flight

@: lethally poisoned (-7 -> -49), flying
A: horns 2, retaliatory headbutt
a: Renounce Religion, Berserk, Trog's Hand, Brothers in Arms


You were on level 13 of the Dungeon.
You worshipped Trog.
Trog was extremely pleased with you.
You visited 1 branch of the dungeon, and saw 13 of its levels.
You visited the Abyss 1 time.
You also visited: Sewer, Ossuary and Bailey.

You collected 925 gold pieces.
You spent 130 gold pieces at shops.

Inventory:

Hand Weapons
 w - the +4 executioner's axe "Moaxue" (weapon) {speed, Will+ Int+2 Stlth+}
   (You acquired it on level 10 of the Dungeon)

   Attacks with this weapon are significantly faster.
   Int:       It affects your intelligence (+2).
   Will:      It increases your willpower.
   Stlth:     It makes you more stealthy.
 O - the +9 battleaxe of the Dungeon {vorpal, rN++ Str+2}
   (Trog gifted it to you in a bailey)

   It inflicts extra damage upon your enemies.
   Str:       It affects your strength (+2).
   rN:        It greatly protects you from negative energy.
Missiles
 f - 5 throwing nets
Armour
 c - a +1 hat (worn)
 j - a +0 cloak (worn)
 s - a +0 pair of boots (worn)
 y - the +10 chain mail "Saro" (worn) {SInv}
   (You found it on level 7 of the Dungeon)

   SInv:      It lets you see invisible.
 P - a +3 chain mail of cold resistance
Jewellery
 e - a +6 ring of intelligence (left hand)
 v - a ring of fire
 D - a ring of ice
 H - a ring of flight (right hand)
 L - a ring of positive energy
 M - a ring of ice
Wands
 o - a wand of digging (17)
 p - a wand of flame (32)
 C - a wand of acid (3) (quivered)
 G - a wand of iceblast (13)
 I - a wand of polymorph (13)
Scrolls
 d - a scroll of silence
 h - 6 scrolls of fog
 k - 7 scrolls of fear
 l - 4 scrolls of magic mapping
 m - a scroll of enchant weapon
 n - 7 scrolls of teleportation
 r - a scroll of holy word
 t - a scroll of brand weapon
 J - 2 scrolls of enchant armour
 N - a scroll of noise
Potions
 a - 3 potions of might
 b - 6 potions of flight
 g - 8 potions of curing
 i - 4 potions of heal wounds
 q - 2 potions of ambrosia {unknown}
 u - a potion of mutation {unknown}
 x - a potion of berserk rage {unknown}
 z - 2 potions of haste
 A - a potion of attraction {unknown}
 E - 2 potions of resistance {unknown}
 F - a potion of cancellation {unknown}
 K - 7 potions of lignification


   Skills:
 * Level 13.2 Fighting
 + Level 14.7 Axes
 + Level 10.8 Armour
 * Level 10.6 Dodging
 + Level 3.1 Stealth
 * Level 8.9 Evocations


You had 12 spell levels left.
You didn't know any spells.
Your spell library was empty.

Dungeon Overview and Level Annotations

Branches:
Dungeon (13/15)            Temple (0/1) D:4            Lair (0/6) D:10
    Orc (0/2) D:11          Sewer (visited)         Ossuary (visited)
 Bailey (visited)
 Vaults: D:13-14

Altars:
Gozag
Hepliaklqana
Wu Jian
Xom
Yredelemnul
The Shining One

Shops:
D:4 [   D:7 !

Annotations:
D:5 Dowan
D:7 2 transporters, cbfl8's ghost, novice MiBe
D:9 3 runed translucent doors, macfelon's ghost, novice HuCj
D:13 Nessos


Innate Abilities, Weirdness & Mutations

You have a pair of horns on your head.
You reflexively headbutt those who attack you in melee.


Message History

Found a faintly glowing leather armour.
No target in view!
Nessos the Markscentaur comes into view.
They are wearing a +1 barding of flying.
Found a quarterstaff.
Nessos shouts!
Nessos gestures wildly while chanting.
Nessos seems to speed up.
Nessos wields a +2 longbow of flaming.
It bursts into flame!
Nessos shoots an arrow.
The arrow barely misses you.
Nessos shoots an arrow.
The arrow hits you!! The arrow burns you.
You are poisoned.
You feel very sick.
Nessos shoots an arrow.
The arrow hits you! The arrow burns you.
Nessos shoots an arrow.
The arrow hits you!! The arrow burns you!
You are more poisoned.
You feel extremely sick.
Nessos shoots an arrow.
The arrow hits you.
* * * LOW HITPOINT WARNING * * *
The arrow burns you.
You are lethally poisoned!
* * * LOW HITPOINT WARNING * * *
Nessos gestures wildly while chanting.
Nessos blinks!
A tarantella comes into view.
As you read the scroll labelled FUASKONNIPLUNU, it crumbles to dust.
The creatures around you are filled with an inner flame!
It was a scroll of immolation.
* * * LOW HITPOINT WARNING * * *
You feel extremely sick.
Nessos shoots an arrow.
The arrow hits you.
* * * LOW HITPOINT WARNING * * *
The arrow burns you.
You are more poisoned.
* * * LOW HITPOINT WARNING * * *
Nessos says, "Even if you were a mare, I'd kill you!"
Nessos shoots an arrow.
The arrow hits you!
* * * LOW HITPOINT WARNING * * *
The arrow burns you.
* * * LOW HITPOINT WARNING * * *
Nessos shoots an arrow.
The arrow hits you!
You die...

## ...
######### ...
#....(..# ..
#.#####.#
#.#.#.####.#
#.#
....ยง.c....#
#.#
....#.####@#
#.# . ..
#.#####.# c..
#.......# ...
####.#### ..
#.# ) #.# #.#
##+## #.#
##...## #.#


You could see Nessos (fast, inner flame).

Vanquished Creatures
  Jorgrun (D:13)
  Gastronok (D:8)
  2 hydras (D:13)
  Harold (D:8)
  5 two-headed ogres
  A centaur warrior (D:8)
  A tengu warrior (D:13)
  An orc high priest (Bailey)
  Sonja (D:12)
  2 ugly things (D:13)
  4 cyclopes
  3 gargoyles
  3 kobold demonologists
  5 trolls
  3 slime creatures (D:12)
  A hornet (D:7)
  A shadow (D:13)
  11 yaks
  4 wraiths
  4 wyverns (D:10)
  2 vampire mosquitoes (D:11)
  A basilisk (D:12)
  Grum (D:11)
  Edmund (D:5)
  2 wargs (D:11)
  5 water moccasins (D:10)
  Duvessa (D:5)
  2 sky beasts
  14 orc warriors
  2 ogres
  3 centaurs
  5 wolves
  2 phantoms
  2 kobold brigands
  4 bullfrogs
  3 gnoll sergeants
  2 scorpions
  8 killer bees
  6 wights
  5 electric eels (Bailey)
  3 centaur zombies
  8 hounds
  5 orc priests
  A centaur skeleton (D:7)
  Crazy Yiuf (D:2)
  A bullfrog skeleton (D:6)
  Jessica (D:3)
  4 gnoll shamans
  2 iguanas
  Natasha (thrice) (D:3)
  7 orc wizards
  A howler monkey zombie (D:9)
  A mummy (D:6)
  Robin (D:2)
  36 gnolls
  5 river rats
  11 adders
  2 shadow imps (D:7)
  2 ufetubi
  A worm (D:4)
  3 dart slugs
  30 orcs
  8 ball pythons
  10 endoplasms
  4 giant cockroaches
  20 goblins
  13 hobgoblins
  10 jackals
  7 quokkas
  3 ball python skeletons (Ossuary)
  6 bats
  6 frilled lizards
  A hobgoblin skeleton (Ossuary)
  6 hobgoblin zombies
  23 kobolds
  An orc zombie (Ossuary)
  14 rats
387 creatures vanquished.

Vanquished Creatures (others)
  An orc (D:9)
  2 bushes (D:10)
  10 fungi
  39 plants
52 creatures vanquished.

Grand Total: 439 creatures vanquished

Notes
Turn   | Place    | Note
-------+----------+-------------------------------------------
     0 | D:1      | cbfl8 the Minotaur Berserker began the quest for the Orb.
     0 | D:1      | Reached XP level 1. HP: 19/19 MP: 0/0
   514 | D:1      | Reached skill level 4 in Axes
   514 | D:1      | Reached XP level 2. HP: 22/27 MP: 1/1
  1433 | D:2      | Reached XP level 3. HP: 33/33 MP: 2/2
  2099 | D:2      | Reached ** piety under Trog
  2368 | D:2      | Reached XP level 4. HP: 26/40 MP: 3/3
  2604 | D:2      | Found a faded altar of an unknown god.
  2604 | D:2      | Noticed Robin
  2610 | D:2      | Killed Robin
  2838 | D:2      | Found a runed translucent door.
  2839 | D:2      | Noticed Crazy Yiuf
  3327 | D:2      | Killed Crazy Yiuf
  3837 | D:3      | Noticed Natasha
  3847 | D:3      | Killed Natasha
  3848 | D:3      | Reached skill level 1 in Evocations
  3848 | D:3      | Reached XP level 5. HP: 41/47 MP: 4/4
  3906 | D:3      | Noticed Natasha
  3923 | D:3      | Killed Natasha
  3924 | D:3      | Reached skill level 5 in Axes
  4290 | D:3      | Noticed Jessica
  4297 | D:3      | Killed Jessica
  4586 | D:3      | Noticed Natasha
  4599 | D:3      | Killed Natasha
  4958 | D:3      | Reached skill level 5 in Fighting
  5524 | D:4      | Reached XP level 6. HP: 56/56 MP: 5/5
  5654 | D:4      | Found a staircase to the Ecumenical Temple.
  5664 | D:4      | Reached *** piety under Trog
  5775 | D:4      | Found Orhieso's Armour Boutique.
  5981 | D:4      | Found a glowing drain.
  6005 | Sewer    | Entered a sewer
  7473 | D:5      | Entered Level 5 of the Dungeon
  7763 | D:5      | Noticed Edmund
  7776 | D:5      | Killed Edmund
  7777 | D:5      | Reached XP level 7. HP: 59/62 MP: 6/6
  8000 | D:5      | Reached skill level 6 in Axes
  8728 | D:5      | Reached **** piety under Trog
  8832 | D:5      | Noticed Duvessa
  8847 | D:5      | Killed Duvessa
  8847 | D:5      | Noticed Dowan
  8848 | D:5      | Reached skill level 5 in Armour
  8848 | D:5      | Reached skill level 1 in Stealth
  8869 | D:6      | Found a sand-covered staircase.
  8880 | Ossuary  | Entered an ossuary
  9398 | Ossuary  | Reached XP level 8. HP: 36/67 MP: 7/7
  9703 | Ossuary  | Noticed a flying skull
  9716 | Ossuary  | Noticed a flying skull
  9757 | Ossuary  | Noticed a flying skull
  9757 | Ossuary  | Noticed a flying skull
  9799 | Ossuary  | Reached skill level 5 in Dodging
  9857 | Ossuary  | Cast into level 1 of the Abyss (wight)
  9857 | Abyss:1  | Found a shimmering blue altar of Sif Muna.
  9896 | Abyss:1  | Noticed a wretched star
  9900 | Ossuary  | Escaped the Abyss
  9905 | Ossuary  | Noticed a flying skull
  9927 | Ossuary  | Reached skill level 7 in Axes
 11338 | D:6      | Reached skill level 8 in Axes
 11614 | D:6      | Reached XP level 9. HP: 79/79 MP: 8/8
 11647 | D:6      | Identified the +6 dagger of True Grit {elec, Will+}
 12398 | D:7      | Found a transporter.
 12402 | D:7      | Noticed cbfl8's ghost (novice MiBe)
 12402 | D:7      | Noticed a moth of wrath
 12427 | D:7      | You fall into a shaft and drop 1 floor!
 12651 | D:7      | Found Iryfoiro's Distillery.
 12666 | D:7      | Bought a potion of heal wounds for 65 gold pieces
 12666 | D:7      | Bought a potion of heal wounds for 65 gold pieces
 12860 | D:7      | Identified the +10 chain mail "Saro" {SInv}
 13017 | D:7      | Reached skill level 9 in Axes
 13312 | D:7      | Found a transporter.
 13524 | D:7      | Found an ornate altar of the Wu Jian Council.
 13524 | D:7      | Found a shimmering altar of Xom.
 14380 | D:8      | Found an opulent altar of Gozag.
 14380 | D:8      | Found a basalt altar of Yredelemnul.
 14539 | D:8      | Noticed Gastronok
 14727 | D:8      | Killed Gastronok
 14728 | D:8      | Reached skill level 5 in Evocations
 14728 | D:8      | Reached XP level 10. HP: 70/89 MP: 9/9
 14888 | D:8      | Found a hazy altar of Hepliaklqana.
 14904 | D:8      | Noticed Harold
 14915 | D:8      | Killed Harold
 14916 | D:8      | Reached skill level 10 in Axes
 15108 | D:8      | Noticed a cyclops
 15108 | D:8      | Noticed a centaur warrior
 15124 | D:8      | Killed a centaur warrior
 15128 | D:8      | Killed a cyclops
 15930 | D:9      | Found a runed translucent gate.
 15931 | D:9      | Found a runed translucent gate.
 15933 | D:9      | Noticed a spectral centaur warrior
 15934 | D:9      | Found a runed translucent gate.
 15935 | D:9      | Noticed a spectral centaur warrior
 15938 | D:9      | Noticed macfelon's ghost (novice HuCj)
 15997 | D:9      | Reached skill level 11 in Axes
 16366 | D:9      | Noticed a two-headed ogre
 16379 | D:9      | Reached ***** piety under Trog
 16381 | D:9      | Killed a two-headed ogre
 16382 | D:9      | Reached XP level 11. HP: 99/99 MP: 10/10
 16565 | D:9      | Reached skill level 10 in Fighting
 17139 | D:10     | Entered Level 10 of the Dungeon
 17201 | D:10     | Found a flagged portal.
 17221 | Bailey   | Entered a bailey
 17740 | Bailey   | Identified the +9 battleaxe of the Dungeon {vorpal, rN++
                  | Str+2} (Trog gifted it to you in a bailey)
 17740 | Bailey   | Received a gift from Trog
 18159 | Bailey   | Found an iron altar of Okawaru.
 18159 | Bailey   | Noticed an orc high priest
 18165 | Bailey   | Noticed a sun demon
 18165 | Bailey   | Killed an orc high priest
 18719 | D:10     | Found a glowing golden altar of the Shining One.
 18946 | D:10     | Noticed a two-headed ogre
 18951 | D:10     | Killed a two-headed ogre
 18952 | D:10     | Reached skill level 12 in Axes
 19039 | D:10     | Found a staircase to the Lair.
 19050 | D:10     | Reached skill level 10 in Armour
 19220 | D:10     | Noticed a two-headed ogre
 19231 | D:10     | Killed a two-headed ogre
 19615 | D:10     | Acquired the +4 executioner's axe "Moaxue" {speed, Will+
                  | Int+2 Stlth+}
 19701 | D:11     | Noticed a two-headed ogre
 19705 | D:11     | Killed a two-headed ogre
 19833 | D:11     | Noticed Grum
 19845 | D:11     | Reached XP level 12. HP: 107/110 MP: 11/11
 19846 | D:11     | Killed Grum
 19847 | D:11     | Reached skill level 13 in Axes
 20250 | D:11     | Reached skill level 10 in Dodging
 20250 | D:11     | Reached XP level 13. HP: 119/119 MP: 12/12
 20264 | D:11     | Found a staircase to the Orcish Mines.
 20895 | D:12     | Reached skill level 14 in Axes
 21168 | D:12     | Noticed Sonja
 21183 | D:12     | Killed Sonja
 21642 | D:13     | Noticed Jorgrun
 21662 | D:13     | Killed Jorgrun
 22959 | D:13     | Noticed Nessos
 22964 | D:13     | HP: 6/122 [Nessos/arrow (10)]
 22964 | D:13     | HP: 2/122 [Nessos/arrow (4)]
 22964 | D:13     | Shot with an arrow by Nessos

Illustrated notes

Levels and vault maps discovered:
D:1:      ncdulo_smallfort, layout_basic
D:2:      layout_loops_cross, chequers_ecumenical_altar_simple,
          uniq_crazy_yiuf_cottage, uniq_robin
D:3:      layout_basic, minmay_three_crescents, uniq_jessica, uniq_natasha
D:4:      wander_river, layout_loops_ring, temple_hall, serial_shops,
          nicolae_shop_statue_plus, portal_sewer_entry_a
D:5:      layout_basic, hangedman_decor_growths, uniq_duvessa, uniq_edmund
D:6:      layout_loops_corners, nicolae_ossuary_entry_giza
D:7:      nicolae_whirlpool, layout_loops_corners,
          gammafunk_temple_overflow_pools, serial_shops, nicolae_shop_crystal,
          gammafunk_ghost_berserking_beasts
D:8:      kennysheep_big_flooded_room, layout_basic,
          mainiacjoe_overflow_tiny_flanked, grunt_temple_overflow_open,
          uniq_gastronok, uniq_harold
D:9:      layout_big_octagon, serial_gnoll_camp, gnoll_camp_mini_basic,
          gnoll_camp_mini_loothouse, gnoll_camp_medium_02, gnoll_camp_mini_hut,
          gnoll_camp_mini_doghouse, gnoll_camp_mini_house,
          gammafunk_ghost_necromancy, nrook_mini_vaults
D:10:     layout_roguey, tso_metal_star, minmay_lair_entry_grove, enter_bailey_5
D:11:     layout_loops_ring, david_orc_1_choice,
          nicolae_concentric_dashed_squares_wild, uniq_grum
D:12:     layout_loops_cross, grunt_decor_one_mirror, corexii_corridor_pit,
          uniq_sonja
D:13:     nzn_winding_woodlands_small [nzn_winding_woodlands_5x15_longhouse,
          nzn_winding_woodlands_center_pierced_h,
          nzn_winding_woodlands_5x15_garden], layout_loops_corners,
          uniq_jorgrun, uniq_frances, uniq_kirke, uniq_nessos

Skill      XL: |  1  2  3  4  5  6  7  8  9 10 11 12 13 |
---------------+----------------------------------------+-----
Axes           | 4 5 6 8 9 11 12 13 14 | 14.7
Fighting       | 4 5 6 7 8 9 11 12 13 | 13.2
Dodging        | 3 4 5 6 7 8 10 | 10.6
Armour         | 3 4 5 6 8 9 10 | 10.8
Evocations     | 1 2 3 5 6 7 8 |  8.9
Stealth        | 1 3 |  3.1

Action                   |  1- 3 |  4- 6 |  7- 9 | 10-12 | 13-15 || total
-------------------------+-------+-------+-------+-------+-------++-------
Melee: Hand axe          |    83 |   119 |       |       |       ||   202
       Headbutt          |     5 |    30 |    41 |    66 |    34 ||   176
       Punch             |     1 |     2 |     2 |     4 |       ||     9
       War axe           |       |    83 |   222 |   178 |       ||   483
       Battleaxe         |       |       |       |    90 |       ||    90
       Broad axe         |       |       |       |    30 |       ||    30
       Executioner's axe |       |       |       |    43 |   128 ||   171
Invok: Berserk           |       |     5 |     6 |     6 |     1 ||    18
Evoke: Wand              |       |       |    13 |     3 |       ||    16
  Use: Scroll            |     2 |     1 |     9 |     6 |     4 ||    22
       Potion            |     1 |       |     1 |     4 |       ||     6
Armor: Leather armour    |    17 |    22 |       |       |       ||    39
       Animal skin       |     1 |       |       |       |       ||     1
       Ring mail         |       |    32 |    46 |       |       ||    78
       Chain mail        |       |       |    66 |   203 |    91 ||   360
Dodge: Dodged            |    74 |   128 |   150 |   234 |    79 ||   665
